 Dungeon Crawl Stone Soup version 0.19-a0-1815-g4007336 (console) character file.

14 brucemayne the Chopper (level 2, -2/26 HPs)
             Began as a Hill Orc Monk on Oct 5, 2016.
             Slain by a black bear (7 damage)
             ... on level 6 of the Dungeon.
             The game lasted 00:02:30 (555 turns).

brucemayne the Chopper (Hill Orc Monk)               Turns: 555, Time: 00:02:31

Health: -2/26      AC:  4    Str: 13    XL:     2   Next: 45%
Magic:  2/2        EV: 12    Int: 10    God:
Gold:   63         SH:  0    Dex: 13    Spells: 0 memorised, 1 level left

rFire  . . .     SeeInvis +     a - +0 hand axe
rCold  . . .     Gourm    .     j - +0 leather armour
rNeg   . . .     Faith    .     (no shield)
rPois  .         Spirit   .     (no helmet)
rElec  .         Dismiss  .     (no cloak)
rCorr  .         Reflect  .     l - +0 pair of gloves
MR     .....     Harm     .     (no boots)
Stlth  ++........               (no amulet)
                                (no ring)
                                e - ring of see invisible

@: no status effects
A: no striking features
a: no special abilities


You were on level 6 of the Dungeon.
You were not hungry.

You visited 1 branch of the dungeon, and saw 7 of its levels.

You collected 63 gold pieces.

Inventory:

Hand Weapons
 a - a +0 hand axe (weapon)
Armour
 b - a +0 robe
 j - a +0 leather armour (worn)
 l - a +0 pair of gloves (worn)
Jewellery
 e - a ring of see invisible (left hand)
 g - an uncursed ring of ice
Scrolls
 d - a scroll of teleportation {unknown}
 n - a scroll of enchant armour {unknown}
 o - a scroll of holy word {unknown}
Comestibles
 c - a bread ration
 f - 2 meat rations
 h - 2 chunks of flesh
 m - a beef jerky


   Skills:
 - Level 3.6 Fighting
 + Level 5.0 Axes
 - Level 2.4 Dodging
 - Level 1.5 Stealth


You had one spell level left.
You didn't know any spells.

Dungeon Overview and Level Annotations

Branches:
Dungeon (7/15)
 Temple: D:4-7

Altars:
Dithmenos

Shops:
D:6 }

Annotations:
D:6 exclusion: upstairs


Message History

Okay, then.
Okay, then.
Unknown command.
It was a potion of resistance.
You feel protected. The black bear closely misses you.
The black bear claws you. x2
It was a potion of cancellation.
Your magical effects are unravelling.
You feel magically purged.
Your resistance to elements expires.
The black bear bites you. The black bear claws you. x2
* * * LOW HITPOINT WARNING * * *
You hit the black bear.
The black bear is lightly wounded.
The black bear closely misses you. x2
The black bear claws you but does no damage.
You hit the black bear.
The black bear is lightly wounded.
The black bear bites you!
You die...

#############.......
######## # #.###
###....####### ...
#.......# # # #.# #.@....#
#### ?##..# #.h....#####
##...
.....##......#...####..##
#...........#...#....##
#..#.......#...#.####
#.###∩#...##........#
#..................##
#.....##.#........## #
#Y.##.............####.#..


You could see a black bear.

Vanquished Creatures
  A leopard gecko (D:1)
  A hobgoblin (D:2)
  6 jackals
  A quokka (D:2)
  A jackal zombie (D:6)
  A rat (D:1)
11 creatures vanquished.

Notes
Turn   | Place    | Note
-------+----------+-------------------------------------------
     0 | D:1      | brucemayne the Hill Orc Monk began the quest for the Orb.
     0 | D:1      | Reached XP level 1. HP: 19/19 MP: 1/1
   235 | D:1      | Reached XP level 2. HP: 11/26 MP: 2/2
   355 | D:2      | Reached skill level 5 in Axes
   417 | D:4      | Found a shadowy altar of Dithmenos.
   424 | D:5      | Entered Level 5 of the Dungeon
   449 | D:7      | Noticed an ogre
   516 | D:6      | Noticed a sky beast
   522 | D:6      | Found Cenuff's Gadget Shop.
   540 | D:6      | Noticed a black bear
   541 | D:6      | Noticed a sky beast
   555 | D:6      | Slain by a black bear

Vault maps used:
D:1:      dpeg_arrival_three_smaller_balls
D:2:      minmay_diamond_boxcup, first_bread
D:4:      enter_ossuary_4, grunt_dithmenos_smoke_and_mirrors, uniq_blork_the_orc
D:5:      eino_curves_04, grunt_decor_resistance, tgw_fedhas
D:6:      serial_shops, shop, minmay_ruined_shrine
D:7:      minmay_flawed_box, serial_shops, nicolae_shop_stone, kennysheep_path_1

Skill      XL: |  1  2 |
---------------+-------+-----
Axes           | 5 |  5.0
Fighting       | |  3.6
Dodging        | |  2.4
Stealth        | |  1.5

Action                   || total
-------------------------++-------
Melee: Hand axe          ||    53
  Use: Potion            ||     2
 Stab: Distracted        ||     1
Armor: Robe              ||    11
       Leather armour    ||     1
Dodge: Dodged            ||    38
